 Dungeon Sprint DCSS version 0.29.1-15-g9cfb28693d (webtiles) character file.

Game seed: 16681072306884654484

2751 Groucho the Imperceptible (level 9, -3/70 HPs)
             Began as a Felid Berserker on Mar 12, 2023.
             Was a High Priest of Trog.
             Killed from afar by an orc wizard (7 damage)
             ... with a magic dart
             ... in the Dungeon (Sprint VII: "The Pits").
             The game lasted 00:04:33 (2170 turns).

Groucho the Imperceptible (Felid Berserker)         Turns: 2170, Time: 00:04:34

Health: -3/70      AC:  2    Str: 17    XL:     9   Next: 41%
Magic:  10/10      EV: 25    Int: 15    God:    Trog [*****.]
Gold:   0          SH:  0    Dex: 15    Spells: 8/8 levels left
                                        Lives:  0   Deaths: 2

rFire   . . .      SeeInvis +     - Unarmed
rCold   . . .      Faith    .   (shield unavailable)
rNeg    . . .      Spirit   .   (body armour unavailable)
rPois   .          Reflect  .   (helmet unavailable)
rElec   .          Harm     .   (cloak unavailable)
rCorr   .          Rampage  .   (gloves unavailable)
Will    +++..      NoTele   +   (boots unavailable)
Stlth   ..........              (no amulet)
HPRegen 1.21/turn               i - +3 ring of intelligence
MPRegen 0.12/turn               j - +3 ring of intelligence

@: berserking (expiring), lethally poisoned (-3 -> -5), strong-willed,
regenerating, very quick
A: very small, claws 1, fangs 3, see invisible, speed 1, shaggy fur 2, stealthy
paws, no weapons or thrown items, no armour, multi-lived
a: Renounce Religion, Berserk, Trog's Hand, Brothers in Arms


You were in the Dungeon.
You worshipped Trog.
Trog was extremely pleased with you.
You visited 1 branch

Inventory:

Jewellery
 i - a +3 ring of intelligence (left paw)
 j - a +3 ring of intelligence (right paw)
Scrolls
 f - a scroll of blinking
 h - a scroll of summoning
Potions
 a - 8 potions of curing
 b - 8 potions of heal wounds
 c - 3 potions of haste
 d - 4 potions of magic
 e - 5 potions of berserk rage
 g - 2 potions of invisibility
 k - a potion of might


   Skills:
 + Level 10.4 Fighting
 + Level 13.3 Dodging
 * Level 22.2 Stealth
 + Level 10.4 Unarmed Combat


You had 8 spell levels left.
You didn't know any spells.
Your spell library was empty.

Dungeon Overview and Level Annotations

Branches:
Dungeon (1/1)

Altars:
Ashenzari
Cheibriados
Dithmenos
Elyvilon
Fedhas
Gozag
Hepliaklqana
Kikubaaqudgha
Makhleb
Nemelex Xobeh
Okawaru
Qazlal
Ru
Sif Muna
Trog
Uskayaw
Vehumet
Wu Jian
Xom
Yredelemnul
Zin
The Shining One
Jiyva
Lugonu


Innate Abilities, Weirdness & Mutations

You have sharp claws.
You have razor-sharp teeth.
You have supernaturally acute eyesight. (SInv)
You cover ground quickly. (Speed+)
You are covered in thick fur. (AC +2)
Your paws help you pounce on unaware monsters.
You are incapable of wielding weapons or throwing items.
You cannot wear armour.
You gain extra lives every three experience levels.


Message History

The orc priest looks encouraged for a moment.
The sea snake completely misses you.
You scratch the sea snake. You bite the sea snake!
The sea snake is severely wounded.
You feel very sick.
You mangle the sea snake!!
You kill the sea snake!
Trog accepts your kill.
You feel very sick.
Your Dodging skill increases to level 13!
Your Stealth skill increases to level 22!
You claw the orc priest! Your bite misses the orc priest.
The orc priest is almost dead.
You feel very sick.
The orc priest hits you with a +0 hand axe!
* * * LOW HITPOINT WARNING * * *
You mangle the orc priest!!
You kill the orc priest!
Trog accepts your kill.
You feel sick.
You feel sick.
There is an open door, spattered with blood here.
Things that are here:
a +0 hand axe; an orc corpse You mangle the orc!!
You kill the orc!
Trog accepts your kill.
You feel sick.
The orc wizard hits you with a +0 dagger.
* * * LOW HITPOINT WARNING * * *
Unknown command.
You closely miss the orc wizard.
You feel sick. The orc wizard barely misses you.
You closely miss the orc wizard.
You feel sick.
You claw the orc wizard! You bite the orc wizard.
The orc wizard is almost dead.
You feel sick.
The orc wizard gestures at you while chanting.
The magic dart hits you!
You die...

.....#..#......#
...............+
.....†....†....+
.....#.†#......#
...............#
##'#####†'######
......##''# ########
......##..# #..)o..#
......##..#
#..#@#...oe..
..<...##..##t
##.##.....# ......##..#
##...##...##
......##..####.....##.##
......##...##......# ..#
########..†.†......+ .+
########...##......# #
.#..[[##..####.....#
.#..[[##..# ##...##


You could see an orc wizard.

Vanquished Creatures
  A sea snake (D)
  An elephant (D)
  A smoke demon (D)
  2 wraiths (D)
  2 wargs (D)
  An ice beast (D)
  A centaur (D)
  2 bullfrogs (D)
  3 wights (D)
  An orc priest (D)
  2 gnolls (D)
  2 river rats (D)
  2 adders (D)
  A white imp (D)
  A worm (D)
  2 orcs (D)
  A ball python (D)
  2 kobolds (D)
  2 quokkas (D)
  A bat (D)
  A frilled lizard (D)
32 creatures vanquished.

Vanquished Creatures (collateral kills)
  A death yak (D)
  5 blink frogs (D)
  A ynoxinul (D)
  A floating eye (D)
  A hell rat (D)
9 creatures vanquished.

Grand Total: 41 creatures vanquished

Notes
Turn   | Place    | Note
-------+----------+-------------------------------------------
     0 | D        | Groucho the Felid Berserker began the quest for the Orb.
     0 | D        | Reached XP level 1. HP: 10/10 MP: 2/2
    16 | D        | Reached skill level 5 in Stealth
    16 | D        | Reached XP level 2. HP: 14/14 MP: 3/3
    40 | D        | Found a bloodstained altar of Trog.
    40 | D        | Found a shimmering blue altar of Sif Muna.
    40 | D        | Found a viscous altar of Jiyva.
    40 | D        | Found a hazy altar of Hepliaklqana.
    40 | D        | Found an opulent altar of Gozag.
    41 | D        | Found a glowing golden altar of the Shining One.
    41 | D        | Found a glowing silver altar of Zin.
    41 | D        | Found a basalt altar of Yredelemnul.
    41 | D        | Found a shimmering altar of Xom.
    41 | D        | Found an ornate altar of the Wu Jian Council.
    41 | D        | Found a sacrificial altar of Ru.
    41 | D        | Found a stormy altar of Qazlal.
    41 | D        | Found an iron altar of Okawaru.
    41 | D        | Found a sparkling altar of Nemelex Xobeh.
    41 | D        | Found a burning altar of Makhleb.
    41 | D        | Found a blossoming altar of Fedhas.
    41 | D        | Found a white marble altar of Elyvilon.
    41 | D        | Found a shadowy altar of Dithmenos.
    41 | D        | Found a snail-covered altar of Cheibriados.
    44 | D        | Found a corrupted altar of Lugonu.
    44 | D        | Found a radiant altar of Vehumet.
    45 | D        | Found an ancient bone altar of Kikubaaqudgha.
    45 | D        | Found a hide-covered altar of Uskayaw.
    45 | D        | Found a broken altar of Ashenzari.
    64 | D        | Reached skill level 6 in Stealth
    69 | D        | Reached ** piety under Trog
    70 | D        | Reached skill level 7 in Stealth
   317 | D        | Reached skill level 8 in Stealth
   317 | D        | Reached XP level 3. HP: 17/17 MP: 4/4
   320 | D        | Noticed a bullfrog
   391 | D        | Killed a bullfrog
   391 | D        | Reached *** piety under Trog
   392 | D        | Reached skill level 12 in Stealth
   392 | D        | Reached XP level 4. HP: 21/21 MP: 5/5
   438 | D        | Noticed an ice beast
   452 | D        | Killed an ice beast
   453 | D        | Reached skill level 5 in Dodging
   453 | D        | Reached skill level 14 in Stealth
   453 | D        | Reached XP level 5. HP: 24/25 MP: 6/6
   791 | D        | Noticed a centaur
   803 | D        | Slain by a wight
   804 | D        | Reached XP level 4. HP: -2/31 MP: 5/5
   816 | D        | Reached XP level 5. HP: 25/25 MP: 6/6
   820 | D        | Killed a centaur
   821 | D        | Reached skill level 5 in Fighting
   821 | D        | Reached skill level 15 in Stealth
   821 | D        | Reached skill level 5 in Unarmed Combat
   822 | D        | Reached **** piety under Trog
   828 | D        | Gained mutation: You are covered in thick fur. (AC +2)
                  | [Felid growth]
   828 | D        | Reached XP level 6. HP: 31/31 MP: 7/7
  1232 | D        | Noticed a wraith
  1234 | D        | Killed a wraith
  1235 | D        | Reached skill level 16 in Stealth
  1236 | D        | Noticed a warg
  1253 | D        | Killed a warg
  1254 | D        | Reached skill level 17 in Stealth
  1254 | D        | Reached XP level 7. HP: 35/35 MP: 8/8
  1255 | D        | Reached ***** piety under Trog
  1505 | D        | Noticed a smoke demon
  1529 | D        | Killed a smoke demon
  1530 | D        | Reached skill level 10 in Dodging
  1530 | D        | Reached skill level 18 in Stealth
  1530 | D        | Reached XP level 8. HP: 25/40 MP: 9/9
  1926 | D        | Noticed an elephant
  1946 | D        | Killed an elephant
  1947 | D        | Reached skill level 19 in Stealth
  1990 | D        | Noticed a death yak
  1990 | D        | Noticed a blink frog
  1990 | D        | Noticed a blink frog
  1990 | D        | Noticed a blink frog
  1990 | D        | Noticed a blink frog
  1990 | D        | Noticed a blink frog
  1991 | D        | Paralysed by a floating eye for 3 turns
  1997 | D        | Killed a death yak
  1998 | D        | Reached skill level 20 in Stealth
  1998 | D        | Reached XP level 9. HP: 36/45 MP: 10/10
  1999 | D        | Paralysed by a floating eye for 4 turns
  2002 | D        | Mangled by a blink frog
  2003 | D        | Reached XP level 8. HP: -10/42 MP: 9/9
  2014 | D        | Paralysed by a floating eye for 2 turns
  2020 | D        | Paralysed by a floating eye for 4 turns
  2021 | D        | Killed a blink frog
  2023 | D        | Reached skill level 21 in Stealth
  2024 | D        | Killed a blink frog
  2026 | D        | Killed a blink frog
  2031 | D        | Killed a blink frog
  2032 | D        | Reached XP level 9. HP: 16/46 MP: 10/10
  2036 | D        | Reached skill level 10 in Fighting
  2036 | D        | Reached skill level 10 in Unarmed Combat
  2153 | D        | Noticed a sea snake
  2155 | D        | Noticed a deep elf pyromancer
  2163 | D        | Killed a sea snake
  2164 | D        | Reached skill level 22 in Stealth
  2170 | D        | Killed from afar by an orc wizard

Illustrated notes

Levels and vault maps discovered:
D:        pitsprint [storerooms_1, entrance_room_1, metal_vault_3, armoury_2,
          mini_pit_1, grid_room_1, main_hall_1, silver_pit, the_coven_1,
          the_vestibule_1, steel_vault_1, golden_pit, hallway_of_sentries,
          crystal_vault_2, iron_vault_4, final_vault]

Skill      XL: |  1  2  3  4  5  6  7  8  9 |
---------------+----------------------------+-----
Stealth        | 5 8 12 14 15 17 18 21 22 | 22.2
Fighting       | 4 5 6 7 9 10 | 10.4
Dodging        | 6 7 8 10 11 13 | 13.3
Unarmed Combat | 4 5 6 7 9 10 | 10.4

Action                   |  1- 3 |  4- 6 |  7- 9 || total
-------------------------+-------+-------+-------++-------
Melee: Unarmed           |    18 |    40 |    55 ||   113
       Bite              |       |     3 |    10 ||    13
       Punch             |       |       |     2 ||     2
Invok: Berserk           |     1 |     4 |     3 ||     8
       Trog's Hand       |       |     4 |     4 ||     8
       Brothers in Arms  |       |       |     4 ||     4
  Use: Potion            |     1 |       |       ||     1
 Stab: Sleeping          |     3 |     2 |       ||     5
Armor: Skin              |     1 |       |     1 ||     2
Dodge: Dodged            |     6 |    37 |    42 ||    85
